 Dungeon Crawl Stone Soup version 0.30.1-11-g7821555f0a (webtiles) character file.

Game seed: 18131510306528184569

5189 booth the Cleaver (level 10, -4/81 HPs)
             Began as a Demonspawn Fighter on Nov 11, 2023.
             Was a Believer of Ashenzari.
             Succumbed to Amaemon's poison
             ... on level 9 of the Dungeon.
             The game lasted 00:46:22 (8687 turns).

booth the Cleaver (Demonspawn Fighter)              Turns: 8687, Time: 00:46:22

Health: -4/81      AC: 15    Str: 20    XL:     10   Next: 34%
Magic:  10/10      EV:  9    Int: 10    God:    Ashenzari [**....]
Gold:   473        SH:  6    Dex: 13    Spells: 9/9 levels left

rFire   . . .        E - +2 war axe (vamp)
rCold   . . .        c - +1 buckler "Share My Doubts" {Melee, Alch} (curse)
rNeg    . . .        b - +1 scale mail
rPois   .            x - +2 helmet "Pangnostic Burden" {Alch, Self} (curse)
rElec   .            q - +2 cloak of the Eternal Stars {Comp, Range} (curse)
rCorr   +            (no gloves)
SInv    +            (no boots)
Will    +....        (no amulet) Stlth
                     h - ring "Disgust of Ashenzari" {Will+, Melee, Range} (curse)
HPRegen 0.33/turn    l - ring of resist corrosion
MPRegen 0.12/turn

%: no passive effects
@: mighty, lethally poisoned (-4 -> -47), slowed, very slow
A: hooves 2, ignite blood 1, powered by pain 2, weakness stinger 1, wild magic 1
a: Renounce Religion, Shatter the Chains


You were on level 9 of the Dungeon.
You worshipped Ashenzari.
Ashenzari was pleased with you.
You visited 2 branches of the dungeon, and saw 10 of its levels.

You collected 473 gold pieces.

Inventory:

Hand Weapons
 k - a +0 mace
 D - a +3 battleaxe
 E - a +2 vampiric war axe (weapon)
Missiles
 t - 42 poisoned darts
 A - 6 boomerangs (quivered)
Armour
 b - a +1 scale mail (worn)
 c - the cursed +1 buckler "Share My Doubts" (worn) {Melee, Alch}

   It has a curse which improves the following skills: Melee Combat: Short
   Blades, Long Blades, Axes, Maces & Flails, Polearms, Staves and Unarmed
   Combat.
   Alchemy:   Poison Magic and Transmutations.
 q - the cursed +2 cloak of the Eternal Stars (worn) {Comp, Range}
   (You found it on level 2 of the Dungeon)

   It has a curse which improves the following skills: Companions: Summonings
   and Necromancy.
   Ranged Combat: Ranged Weapons and Throwing.
 x - the cursed +2 helmet "Pangnostic Burden" (worn) {Alch, Self}
   (You found it on level 6 of the Dungeon)

   It has a curse which improves the following skills: Alchemy: Poison Magic and
   Transmutations.
   Introspection: Fighting and Spellcasting.
Jewellery
 h - the cursed ring "Disgust of Ashenzari" (left hand) {Will+, Melee, Range}
   (You found it on level 1 of the Dungeon)

   [ring of willpower]

   Will:      It increases your willpower.
   It has a curse which improves the following skills: Melee Combat: Short
   Blades, Long Blades, Axes, Maces & Flails, Polearms, Staves and Unarmed
   Combat.
   Ranged Combat: Ranged Weapons and Throwing.
 l - a ring of resist corrosion (right hand)
Wands
 u - a wand of quicksilver (17)
 y - a wand of flame (22)
 B - a wand of mindburst (12)
Scrolls
 g - 3 scrolls of amnesia
 m - a scroll of magic mapping
 p - 2 scrolls of poison
 r - 7 scrolls of identify
 s - 5 scrolls of teleportation
 v - a scroll of fog
 z - 2 scrolls of blinking
 C - a scroll of fear
Potions
 d - 4 potions of might
 e - 2 potions of mutation
 f - a potion of lignification
 i - 3 potions of flight
 j - a potion of resistance
 n - 2 potions of curing
 o - 2 potions of attraction
 w - a potion of brilliance


   Skills:
 + Level 7.1(8.3) Fighting
 * Level 8.7(10.5) Axes
 + Level 4.3(5.9) Throwing
 + Level 6.6 Armour
 + Level 6.5 Shields


You had 9 spell levels left.
You didn't know any spells.
Your spell library contained the following spells:

 Spells                   Type           Power      Damage    Failure   Level
 Passwall                 Tmut/Erth      0%         N/A       90%         2
 Ensorcelled Hibernation  Hex/Ice        0%         N/A       91%         2
 Dazzling Flash           Conj/Hex       0%         N/A       99%         3
 Swiftness                Air            0%         N/A       99%         3
 Volatile Blastmotes      Fire/Tloc      0%         2d10      99%         3
 Iskenderun's Mystic Bla  Conj/Tloc      0%         2d3       100%        4
 Starburst                Conj/Fire      0%         6d3       100%        6


Dungeon Overview and Level Annotations

Branches:
Dungeon (9/15)             Temple (1/1) D:4
   Lair: D:8-11         Orc: D:9-12

Altars:
Ashenzari
Cheibriados
Dithmenos
Fedhas
Gozag
Hepliaklqana
Kikubaaqudgha
Makhleb
Nemelex Xobeh
Okawaru
Qazlal
Ru
Sif Muna
Trog
Uskayaw
Vehumet
Wu Jian
Xom
Yredelemnul

Annotations:
D:9 Amaemon


Innate Abilities, Weirdness & Mutations

You have hoof-like feet.
Your demonic aura sometimes causes spilled blood to erupt in flames.
You sometimes gain power by taking damage.
You have a small tail.
Your spells are a little harder to cast, but a little more powerful.


Message History

You have difficulty breathing.
You feel yourself slow down. Amaemon barely misses you.
You block Amaemon's attack.
Amaemon tail-slaps you but does no damage.
You are too injured to fight recklessly!
You hit Amaemon. Your kick misses Amaemon.
Amaemon is lightly wounded.
You feel extremely sick. The orange demon stings you from afar.
Amaemon is engulfed in blazing flames.
Amaemon barely misses you. Amaemon claws you but does no damage.
Amaemon tail-slaps you but does no damage.
You barely miss Amaemon.
Your tail-slap misses Amaemon.
Amaemon is lightly wounded.
You feel extremely sick. The orange demon stings you from afar.
You are more poisoned.
You have difficulty breathing.
* * * LOW HITPOINT WARNING * * *
You focus on the pain.
You feel very mighty all of a sudden.
You feel as though you will be slow longer.
Amaemon is engulfed in blazing flames.
Amaemon hits you with a +0 demon whip of venom!
* * * LOW HITPOINT WARNING * * *
You are more poisoned.
Amaemon claws you but does no damage. Amaemon barely misses you.
Amaemon is engulfed in blazing flames.
Amaemon hits you but does no damage.
You are more poisoned.
Amaemon claws you but does no damage.
Amaemon tail-slaps you but does no damage.
The orange demon stings you from afar.
* * * LOW HITPOINT WARNING * * *
You feel much better.
* * * LOW HITPOINT WARNING * * *
You feel extremely sick.
The orange demon stings you but does no damage.
Amaemon is engulfed in blazing flames.
Amaemon drinks a potion.
Amaemon is healed!
Amaemon attacks as you move away! Amaemon closely misses you. x2
Amaemon tail-slaps you but does no damage.
You die...

* #........#... ,
#..<..#.#.#. ...
###..........##...
..................
,,
.................
, ,
................ ,
, * ,
#.....#.#..## * >
#....4......# , ,
#....6#@....## ,
##....†)#.....# ,
.......†.##.#.##
...........## # ~
..≈~........# ~
≈~≈≈~~...!.## ~
≈≈≈≈~~~....#*
≈≈≈≈........,*
,≈~~~~~...!...


You could see an orange demon (curare).

Vanquished Creatures
  Pikel (D:7)
  Psyche (D:9)
  A troll (D:9)
  Prince Ribbit (D:7)
  Sigmund (D:2)
  2 wyverns
  Grum (D:8)
  Duvessa (D:6)
  An orc warrior (D:4)
  2 sky beasts (D:6)
  2 black bears (D:5)
  6 wolves
  4 ogres
  A centaur (D:8)
  A phantom (D:6)
  2 bullfrogs
  3 kobold brigands
  A scorpion (D:6)
  Dowan (D:6)
  8 wights (D:7)
  3 killer bees (D:8)
  2 howler monkeys (D:7)
  An orc priest (D:5)
  8 hounds
  3 jellies
  Jessica (D:2)
  7 orc wizards
  2 iguanas
  Robin (D:3)
  7 adders
  4 gnolls (D:4)
  2 white imps (D:5)
  3 dart slugs
  25 orcs
  7 ball pythons
  6 bats
  8 endoplasms
  6 giant cockroaches
  16 goblins
  10 hobgoblins
  2 jackals
  18 kobolds
  2 frilled lizards
  3 rats
188 creatures vanquished.

Notes
Turn   | Place    | Note
-------+----------+-------------------------------------------
     0 | D:1      | booth the Demonspawn Fighter began the quest for the Orb.
     0 | D:1      | Reached XP level 1. HP: 18/18 MP: 1/1
   107 | D:1      | Reached skill level 2 in Axes
   110 | D:1      | Discovered your monstrous ancestry.
   110 | D:1      | Gained mutation: You have large cloven feet. [demonic
                  | ancestry]
   110 | D:1      | Reached XP level 2. HP: 20/24 MP: 2/2
  1078 | D:1      | Gained mutation: Your spells are a little harder to cast,
                  | but a little more powerful. [potion of mutation]
  1184 | D:2      | Noticed Sigmund
  1195 | D:2      | Killed Sigmund
  1196 | D:2      | Reached skill level 3 in Axes
  1196 | D:2      | Gained mutation: You have a small tail. [demonic ancestry]
  1196 | D:2      | Reached XP level 3. HP: 12/30 MP: 3/3
  1196 | D:2      | Gained mutation: Your demonic aura sometimes causes spilled
                  | blood to erupt in flames. [demonic ancestry]
  1196 | D:2      | Reached XP level 4. HP: 15/37 MP: 4/4
  1196 | D:2      | Reached XP level 5. HP: 17/42 MP: 5/5
  1729 | D:2      | Found a faded altar of an unknown god.
  1834 | D:2      | Noticed Jessica
  1838 | D:2      | Killed Jessica
  1851 | D:2      | Identified the +9 spear "Otilium" {heavy, Fly Str+4 Dex-5
                  | SInv}
  2051 | D:2      | Gained mutation: You sometimes gain a little power by
                  | taking damage. [demonic ancestry]
  2051 | D:2      | Reached XP level 6. HP: 44/48 MP: 6/6
  2332 | D:3      | Found a basalt altar of Yredelemnul.
  2398 | D:3      | Noticed Robin
  2417 | D:3      | Reached skill level 4 in Axes
  2425 | D:3      | Killed Robin
  3320 | D:4      | Found a large runed translucent door.
  3321 | D:4      | Found a large runed translucent door.
  3368 | D:4      | Found a staircase to the Ecumenical Temple.
  3379 | Temple   | Entered the Ecumenical Temple
  3694 | Temple   | Became a worshipper of Ashenzari the Shackled
  3728 | D:4      | Found an iron altar of Okawaru.
  4110 | D:4      | Found a hide-covered altar of Uskayaw.
  4385 | D:4      | Noticed an orc warrior
  4413 | D:4      | Killed an orc warrior
  4414 | D:4      | Reached XP level 7. HP: 55/55 MP: 7/7
  4500 | D:5      | Entered Level 5 of the Dungeon
  4779 | D:5      | Reached skill level 5 in Axes
  5050 | D:5      | Reached skill level 5 in Fighting
  5116 | D:5      | Gained mutation: You sometimes gain power by taking damage.
                  | [demonic ancestry]
  5116 | D:5      | Reached XP level 8. HP: 62/62 MP: 8/8
  5414 | D:6      | Noticed Duvessa
  5417 | D:6      | Noticed Dowan
  5424 | D:6      | Killed Duvessa
  5441 | D:6      | Killed Dowan
  5639 | D:6      | Reached skill level 6 in Axes
  5639 | D:6      | Reached skill level 1 in Throwing
  5809 | D:6      | Reached skill level 5 in Armour
  5853 | D:6      | Reached skill level 5 in Shields
  5939 | D:6      | Found a stormy altar of Qazlal.
  6224 | D:6      | Found a sacrificial altar of Ru.
  6236 | D:6      | Found a bloodstained altar of Trog.
  6517 | D:7      | Reached XP level 9. HP: 69/69 MP: 9/9
  6612 | D:7      | Reached skill level 7 in Axes
  6633 | D:7      | Reached * piety under Ashenzari
  6693 | D:7      | Noticed Prince Ribbit
  6710 | D:7      | Killed Prince Ribbit
  6716 | D:7      | Noticed Pikel
  6731 | D:7      | Killed Pikel
  7681 | D:8      | Noticed Grum
  7688 | D:8      | Reached skill level 8 in Axes
  7705 | D:8      | HP: 2/72 [Grum/-2 spear of flaming (4)]
  7711 | D:8      | Gained mutation: You have hoof-like feet. [demonic
                  | ancestry]
  7711 | D:8      | Reached XP level 10. HP: 25/79 MP: 10/10
  7713 | D:8      | HP: 3/79 [Grum/-2 spear of flaming (3)]
  7718 | D:8      | HP: 2/79 [Grum/-2 spear of flaming (2)]
  7723 | D:8      | Killed Grum
  8022 | D:8      | Reached ** piety under Ashenzari
  8428 | D:8      | Found a radiant altar of Vehumet.
  8627 | D:9      | Noticed Psyche
  8640 | D:9      | Killed Psyche
  8674 | D:9      | Noticed Amaemon
  8677 | D:9      | Noticed an orange demon
  8687 | D:9      | Succumbed to Amaemon's poison

Illustrated notes

Levels and vault maps discovered:
D:1:      dpeg_arrival_line_fractal, layout_basic
D:2:      minmay_recursive_quarters, layout_basic,
          hellmonk_ecumenical_altar_blasted, uniq_sigmund, uniq_jessica
D:3:      layout_basic, yredelemnul_altar_generic, uniq_robin
D:4:      minmay_chambers_of_fours, layout_loops_ring,
          okawaru_ov_weapons_minmay, jmf_multi_god_temple2,
          minmay_temple_entry_statues
D:5:      layout_loops_ring, kennysheep_dice
D:6:      layout_basic, mainiacjoe_overflow_alcove_4,
          nicolae_qazlal_beasts_of_the_sky, mainiacjoe_overflow_swirl,
          uniq_duvessa
D:7:      layout_basic, uniq_prince_ribbit1, uniq_pikel
D:8:      layout_basic, nicolae_vehumet_radiance, uniq_grum
D:9:      layout_cross, erik_lair_island, minmay_fractal_squares_5,
          uniq_amaemon, uniq_psyche
Temple:   oiseaux_autumnal_temple

Skill      XL: |  1  2  3  4  5  6  7  8  9 10 |
---------------+-------------------------------+-----
Axes           | 2 3 4 5 6 8 |  8.7
Armour         | 3 4 5 6 |  6.6
Shields        | 3 4 5 6 |  6.5
Fighting       | 4 5 6 7 |  7.1
Throwing       | 2 3 4 |  4.3

Action                     |  1- 3 |  4- 6 |  7- 9 | 10-12 || total
---------------------------+-------+-------+-------+-------++-------
  Melee: War axe           |    48 |   156 |   252 |    72 ||   528
         Kick              |     7 |    38 |    72 |    19 ||   136
         Tailslap          |       |     9 |    34 |     4 ||    47
  Throw: Dart              |       |     3 |     3 |       ||     6
         Boomerang         |       |       |    12 |     1 ||    13
 Invoke: Curse Item        |       |       |     2 |     2 ||     4
    Use: Potion            |     5 |     3 |     5 |     2 ||    15
         Scroll            |     4 |     6 |     8 |       ||    18
 Armour: Scale mail        |    19 |    81 |   150 |    56 ||   306
  Dodge: Dodged            |    21 |    49 |   119 |    41 ||   230
  Block: Buckler           |    10 |    41 |    80 |    31 ||   162
